 Dungeon Crawl Stone Soup version 0.30-a0-782-ge64f9170bb (webtiles) character file.

Game seed: 6870075521154033958

501 Mgcat the Covered (level 6, -1/82 HPs)
             Began as an Armataur Fighter on Feb 21, 2023.
             Killed by divine providence
             ... invoked by an orc priest
              (11 damage)
             ... on level 6 of the Dungeon.
             The game lasted 00:05:48 (3000 turns).

Mgcat the Covered (Armataur Fighter)                Turns: 3000, Time: 00:05:48

Health: -1/82      AC: 23    Str: 22 (23) XL:     6   Next: 95%
Magic:  6/6        EV:  1    Int:  4 (8)  God:
Gold:   189        SH:  9    Dex:  8 (10) Spells: 5/5 levels left

rFire   . . .      SeeInvis .    a - +0 war axe
rCold   . . .      Faith    .    c - +0 buckler
rNeg    . . .      Spirit   .    (body armour currently unavailable)
rPois   +          Reflect  +    (helmet currently unavailable)
rElec   .          Harm     .    (cloak currently unavailable)
rCorr   .          Roll     +    (gloves currently unavailable)
Will    .....      NoTele   +    (no barding)
Stlth   +                        i - amulet of reflection
HPRegen 0.33/turn                (no ring)
MPRegen 0.10/turn                (no ring)

@: tree-form, attractive
A: stationary, stasis, torment immunity, boosted hp, large, rugged brown scales
3, (deformed body), (armoured tail), roll, long tongue, awkward tongue
a: no special abilities


You were on level 6 of the Dungeon.
You were a tree.
You visited 1 branch of the dungeon, and saw 6 of its levels.

You collected 189 gold pieces.

Inventory:

Hand Weapons
 a - a +0 war axe (weapon)
Armour
 b - a +0 scale mail (melded)
 c - a +0 buckler (worn)
 o - a +1 helmet (melded)
   (You took it off Robin on level 3 of the Dungeon)
 r - a +2 pair of gloves of hurling (melded)
   (You found it on level 6 of the Dungeon)
Jewellery
 i - an amulet of reflection (around neck)
   (You found it on level 1 of the Dungeon)
Scrolls
 e - 2 scrolls of magic mapping {unknown}
 f - 3 scrolls of identify {unknown}
 h - a scroll of acquirement {unknown}
 j - a scroll of vulnerability {unknown}
 m - a scroll of amnesia {unknown}
 n - 2 scrolls of teleportation {unknown}
Potions
 d - a potion of heal wounds {unknown}
 g - a potion of degeneration {!q}
 k - a potion of mutation {unknown}
 q - a potion of curing {unknown}


   Skills:
 + Level 4.0 Fighting
 * Level 4.1 Axes
 + Level 5.3 Armour
 + Level 4.8 Shields


You had 5 spell levels left.
You didn't know any spells.
Your spell library was empty.

Dungeon Overview and Level Annotations

Branches:
Dungeon (7/15)
 Temple: D:4-7

Altars:
Dithmenos

Shops:
D:1 (

Annotations:
D:6 Prince Ribbit


Innate Abilities, Weirdness & Mutations

You are a tree.
Your roots penetrate the ground, keeping you stationary.
You cannot be teleported.
You are immune to unholy pain and torment.
Your maximum health is greatly increased.
Your equipment is partially melded.
(You are completely covered in rugged brown scales. (AC +3, +7% HP))
((Armour fits poorly on your strangely shaped body.))
((You have a long armoured tail.))
You roll when moving toward enemies. (Rampage)
Your long tongue fully drains potion bottles. (2x potion effects)
Your tongue gives you trouble enunciating. (1.5x scroll delay)


Message History

You barely miss the orc. You hit something. You closely miss the orc wizard.
You feel sick.
The scorpion stings you but does no damage.
The orc hits you but does no damage.
The orc wizard hits you with a +0 dagger.
* * * LOW HITPOINT WARNING * * *
You block something's attack. You block the scorpion's attack.
The orc hits you but does no damage.
You take 1 damage, and have 18/82 hp.
Warning x2: The orc wizard might cast Slow, Confuse, Throw Flame, Throw Frost, or go Invisible!
The orc priest can smite you!
Unknown command.
Warning x2: The orc wizard might cast Slow, Confuse, Throw Flame, Throw Frost, or go Invisible!
The orc priest can smite you!
Unknown command.
Warning x2: The orc wizard might cast Slow, Confuse, Throw Flame, Throw Frost, or go Invisible!
The orc priest can smite you!
Unknown command.
Warning x2: The orc wizard might cast Slow, Confuse, Throw Flame, Throw Frost, or go Invisible!
The orc priest can smite you!
You cannot move.
Warning x2: The orc wizard might cast Slow, Confuse, Throw Flame, Throw Frost, or go Invisible!
The orc priest can smite you!
Unknown command.
Warning x2: The orc wizard might cast Slow, Confuse, Throw Flame, Throw Frost, or go Invisible!
The orc priest can smite you!
Unknown command.
Warning x2: The orc wizard might cast Slow, Confuse, Throw Flame, Throw Frost, or go Invisible!
The orc priest can smite you!
You cannot move.
Warning x2: The orc wizard might cast Slow, Confuse, Throw Flame, Throw Frost, or go Invisible!
The orc priest can smite you!
You cannot move.
Warning x2: The orc wizard might cast Slow, Confuse, Throw Flame, Throw Frost, or go Invisible!
The orc priest can smite you!
You cannot move.
Warning x2: The orc wizard might cast Slow, Confuse, Throw Flame, Throw Frost, or go Invisible!
The orc priest can smite you!
Unknown command.
Warning x2: The orc wizard might cast Slow, Confuse, Throw Flame, Throw Frost, or go Invisible!
The orc priest can smite you!
Unknown command.
Warning x2: The orc wizard might cast Slow, Confuse, Throw Flame, Throw Frost, or go Invisible!
The orc priest can smite you!
Unknown command.
Warning x2: The orc wizard might cast Slow, Confuse, Throw Flame, Throw Frost, or go Invisible!
The orc priest can smite you!
You miss something. You miss the orc wizard. You slash the scorpion!
You hit the orc.
You feel sick. You block the orc wizard's attack.
Something hits you but does no damage. The scorpion stings you.
* * * LOW HITPOINT WARNING * * *
You block the orc's attack.
You take 3 damage, and have 15/82 hp.
Warning x2: The orc wizard might cast Slow, Confuse, Throw Flame, Throw Frost, or go Invisible!
The orc priest can smite you!
You slash the scorpion!
You kill the scorpion!
You barely miss the orc. You barely miss something.
You barely miss the orc wizard.
You feel sick.
You are no longer poisoned.
Something hits you but does no damage. The orc hits you but does no damage.
The orc wizard completely misses you. Something hits you but does no damage.
Your Fighting skill increases to level 4!
Your Axes skill increases to level 4!
You take 1 damage, and have 14/82 hp.
Warning x2: The orc wizard might cast Slow, Confuse, Throw Flame, Throw Frost, or go Invisible!
The orc priest can smite you!
You barely miss the orc wizard.
The orc wizard is moderately wounded.
You closely miss the orc. You barely miss something.
You hit the orc priest but do no damage.
The orc hits you but does no damage. You block the orc priest's attack.
You block the orc wizard's attack. Something hits you.
* * * LOW HITPOINT WARNING * * *
The orc hits you but does no damage.
You take 1 damage, and have 13/82 hp.
Warning x2: The orc wizard might cast Slow, Confuse, Throw Flame, Throw Frost, or go Invisible!
The orc priest can smite you!
You closely miss the orc.
The orc is severely wounded.
You closely miss something. You slash the orc priest! You slash the orc wizard!
The orc priest hits you with a +0 dagger.
* * * LOW HITPOINT WARNING * * *
You block the orc wizard's attack. Something hits you but does no damage.
The orc hits you but does no damage.
The orc priest hits you but does no damage.
You take 1 damage, and have 12/82 hp.
Warning x2: The orc wizard might cast Slow, Confuse, Throw Flame, Throw Frost, or go Invisible!
The orc priest can smite you!
You slash the orc!
You kill the orc!
You miss something.
You hit the orc priest but do no damage.
You hit the orc wizard.
You kill the orc wizard!
Something hits you but does no damage.
The orc priest hits you with a +0 dagger.
* * * LOW HITPOINT WARNING * * *
Something hits you but does no damage.
You feel your strength returning.
Spoiler Alert: The orc priest can smite you!
You hit the orc priest but do no damage.
The orc priest is moderately wounded.
You miss something.
The orc priest hits you but does no damage.
You hear some strange, mumbled words.
A magic dart appears from out of thin air!
The magic dart hits you.
* * * LOW HITPOINT WARNING * * *
You take 3 damage, and have 9/82 hp.
Spoiler Alert: The orc priest can smite you!
You barely miss the orc priest.
The orc priest is moderately wounded.
You barely miss something.
The orc priest mumbles some strange prayers to Beogh against you.
Beogh smites you!
You die...

......#####.....## #.# #
.........>.....## #.# #
#.###########F## #.# # #.#
#.# ######.# # #.# #.#
#......# # #.. ##+##
#.####.# # ... ##...##
#.##...# # ###. ##....)##
#.##.#.# # § #.....{♣#
#......# # ..
#......o).####...########
.'.........+..............
.......)^...####.....######
...~♣P♣P...## ##.##.# #
♣.♣~~~P~P.## ####.# #
~~~~~~~~# #.# ~~P~P~ #.#
#.#


You could see an orc priest.

Vanquished Creatures
  2 scorpions
  A hound (D:6)
  Jessica (D:2)
  Natasha (thrice) (D:2)
  An orc wizard (D:6)
  Robin (D:3)
  8 gnolls
  6 adders
  A dart slug (D:1)
  An orc (D:6)
  7 ball pythons
  8 endoplasms
  14 goblins
  8 hobgoblins
  4 jackals (D:4)
  5 kobolds
  3 quokkas
  5 bats
  4 frilled lizards
  6 rats
89 creatures vanquished.

Notes
Turn   | Place    | Note
-------+----------+-------------------------------------------
     0 | D:1      | Mgcat the Armataur Fighter began the quest for the Orb.
     0 | D:1      | Reached XP level 1. HP: 19/19 MP: 1/1
    34 | D:1      | Found Suelox's Weapon Shop.
    93 | D:1      | Reached XP level 2. HP: 26/26 MP: 2/2
   188 | D:1      | Reached skill level 2 in Axes
   417 | D:1      | Reached skill level 4 in Armour
   417 | D:1      | Reached XP level 3. HP: 32/32 MP: 3/3
   632 | D:2      | Reached skill level 3 in Fighting
   633 | D:2      | Noticed a scorpion
   638 | D:2      | Killed a scorpion
   639 | D:2      | Reached XP level 4. HP: 28/40 MP: 4/4
   801 | D:2      | Noticed Natasha
   810 | D:2      | Killed Natasha
   811 | D:2      | Reached skill level 4 in Shields
   868 | D:2      | Noticed Natasha
   883 | D:2      | Killed Natasha
   884 | D:2      | Reached skill level 3 in Axes
   884 | D:2      | Reached XP level 5. HP: 23/48 MP: 5/5
   971 | D:2      | Noticed Natasha
   985 | D:2      | Killed Natasha
  1018 | D:2      | Noticed Jessica
  1023 | D:2      | Killed Jessica
  1401 | D:2      | Identified the +3 leather armour of the Old World {Drain
                  | rElec Dex+4}
  1683 | D:3      | Reached XP level 6. HP: 17/55 MP: 6/6
  1684 | D:3      | HP: 11/55 [gnoll/+0 club (3)]
  1878 | D:3      | Noticed Robin
  1898 | D:3      | Killed Robin
  1922 | D:3      | Reached skill level 5 in Armour
  2448 | D:3      | Found a faded altar of an unknown god.
  2600 | D:4      | Found a shadowy altar of Dithmenos.
  2612 | D:4      | You fall into a shaft and drop 3 floors!
  2958 | D:6      | Noticed Prince Ribbit
  2992 | D:6      | HP: 19/82 [scorpion (3)]
  2996 | D:6      | Reached skill level 4 in Fighting
  2996 | D:6      | Reached skill level 4 in Axes
  2997 | D:6      | HP: 12/82 [orc priest/+0 dagger (1)]
  3000 | D:6      | Killed from afar by an orc priest

Illustrated notes

Levels and vault maps discovered:
D:1:      lemuel_arrival_river_bridge, layout_rooms, serial_shops, shop,
          kennysheep_doodads, minivault_23, st_stairs_1
D:2:      layout_basic, uniq_jessica, uniq_natasha
D:3:      layout_loops_ring, shapermc_ecumenical_altar_hornbeckon, uniq_robin
D:4:      layout_rooms, makhleb_heckhound_becter,
          nicolae_dithmenos_through_a_glass_darkly, serial_rivers,
          chequers_serial_rivers_small_3, chequers_serial_rivers_micro_a,
          chequers_serial_rivers_small_b, chequers_serial_rivers_room_b,
          chequers_serial_rivers_large_b
D:6:      layout_loops_corners, serial_bayou_lagoon_b, uniq_prince_ribbit1
D:7:      layout_loops_ring, enter_bailey_5, nicolae_kite_square_tiling_tiny

Skill      XL: |  1  2  3  4  5  6 |
---------------+-------------------+-----
Axes           | 2 3 4 |  4.1
Armour         | 4 5 |  5.3
Fighting       | 3 4 |  4.0
Shields        | 4 |  4.8

Action                     |  1- 3 |  4- 6 || total
---------------------------+-------+-------++-------
  Melee: War axe           |    86 |   223 ||   309
         Tailslap          |     5 |    21 ||    26
    Use: Potion            |     1 |     3 ||     4
 Armour: Scale mail        |    42 |    96 ||   138
         Skin              |       |    23 ||    23
  Dodge: Dodged            |    25 |    82 ||   107
  Block: Buckler           |    40 |   121 ||   161
         Reflection        |       |     3 ||     3

Table legend: (Time is in decaauts)
 A = Elapsed time spent in this place.
 B = Non-inter-level travel time spent in this place.
 C = Inter-level travel time spent in this place.
 D = Time resting spent in this place.
 E = Time spent auto-exploring this place.
 F = Levels seen in this place.
 G = Mean time per level.
                   A        B        C        D        E       F      G
               +--------+--------+--------+--------+--------+-----+--------+
         Total |   3115 |   3076 |     39 |    297 |   2051 |   6 |  519.2 |
       Dungeon |   3115 |   3076 |     39 |    297 |   2051 |   6 |  519.2 |
               +--------+--------+--------+--------+--------+-----+--------+

Top non-repeatable levels by time:
     D:3: 1017 daAuts
     D:2: 1003 daAuts
     D:1: 652 daAuts
     D:6: 288 daAuts
     D:7: 112 daAuts
     D:4: 41 daAuts

Table legend:
 A = Kills in this place as a percentage of kills in entire the game.
 B = Kills by you in this place as a percentage of kills by you in the entire game.
 C = Kills by friends in this place as a percentage of kills by friends in the entire game.
 D = Other kills in this place as a percentage of other kills in the entire game.
 E = Experience gained in this place as a percentage of experience gained in the entire game.
 F = Experience gained in this place divided by the number of levels of this place that you have seen.
                   A       B       C       D       E      F
               +-------+-------+-------+-------+-------+----------------------
         Total | 100.0 | 100.0 |   N/A |   N/A | 100.0 | 119.3
       Dungeon | 100.0 | 100.0 |   N/A |   N/A | 100.0 | 119.3
               +-------+-------+-------+-------+-------+----------------------
